 Dungeon Crawl Stone Soup version 0.27-a0-406-g23f261fbd2 (webtiles) character file.

Game seed: 15208524218735474556

6832 rednaxela the Thaumaturge (level 10, -5/44 HPs)
             Began as a Spriggan Enchanter on Feb 22, 2021.
             Was a Priest of Dithmenos.
             Slain by an orc warrior
             ... wielding a +0 battleaxe
              (25 damage)
             ... on level 11 of the Dungeon.
             The game lasted 00:57:29 (17259 turns).

rednaxela the Thaumaturge (Spriggan Enchanter)     Turns: 17259, Time: 00:57:30

Health: -5/44      AC:  9    Str:  6    XL:     10   Next: 77%
Magic:  16/25      EV: 23    Int: 25    God:    Dithmenos [***...]
Gold:   589        SH:  0    Dex: 15    Spells: 9/29 levels left

rFire    . . .     SeeInvis +   a - +9 staff of Olgreb {rPois∞}
rCold    . . .     Faith    +   (shield currently unavailable)
rNeg     + . .     Spirit   .   L - +0 robe {rN+}
rPois    ∞         Reflect  .   (helmet restricted)
rElec    .         Harm     .   r - +2 cloak
rCorr    .         Rampage  .   (gloves unavailable)
Will     +....                  (boots unavailable)
Stlth    ++++++....             u - amulet of faith
HPRegen  0.14/turn              y - +6 ring of intelligence
MPRegen  0.19/turn              z - +4 ring of protection {=R}

@: confusing touch, wreathed by umbra, very quick
A: very small, unfitting armour, see invisible, speed 3
a: Renounce Religion, Shadow Step


You were on level 11 of the Dungeon.
You worshipped Dithmenos.
Dithmenos was most pleased with you.
You visited 2 branches of the dungeon, and saw 12 of its levels.

You collected 589 gold pieces.

Inventory:

Hand Weapons
 a - the +9 staff of Olgreb (weapon) {rPois∞}
   (You found it on level 7 of the Dungeon)

   It may poison the flesh of those it strikes, and is more effective with a
   high Evocations skill.
   It enhances your poison magic.
   It grants immunity to poison.
   It can be evoked to poison those around you for a time.
 b - a +1 hunting sling
   (You found it on level 4 of the Dungeon)
 I - a +0 short sword of venom
   (You found it on level 5 of the Dungeon)
Missiles
 g - 53 poisoned darts
 w - 250 stones
 E - 77 sling bullets
Armour
 r - a +2 cloak (worn)
   (You found it on level 3 of the Dungeon)
 L - a +0 robe of positive energy (worn)
   (You took it off Psyche on level 8 of the Dungeon)
Jewellery
 c - a ring of ice
   (You found it on level 6 of the Dungeon)
 f - a ring of protection from fire
   (You found it on level 6 of the Dungeon)
 u - an amulet of faith (around neck)
   (You found it on level 4 of the Dungeon)
 y - a +6 ring of intelligence (left hand)
   (You found it on level 4 of the Dungeon)
 z - a +4 ring of protection (right hand) {=R}
   (You took it off an orc on level 5 of the Dungeon)
 J - a ring of willpower
   (You took it off an orc on level 8 of the Dungeon)
 R - an amulet of regeneration
   (You found it on level 5 of the Dungeon)
Wands
 n - a wand of flame (21) {@v4}
   (You found it on level 6 of the Dungeon)
 s - a wand of digging (8) {@v3}
   (You found it on level 3 of the Dungeon)
 v - a wand of paralysis (13)
   (You found it on level 9 of the Dungeon)
 G - a wand of iceblast (14) {@v2}
   (You found it on level 7 of the Dungeon)
Scrolls
 d - a scroll of fear {!r}
 e - a scroll of identify {@r1}
 h - 3 scrolls of enchant armour
 o - 3 scrolls of amnesia
 x - 2 scrolls of blinking {@r4}
 B - 3 scrolls of teleportation {@r3 !r}
 D - 2 scrolls of enchant weapon
 F - 3 scrolls of fog {!r}
Potions
 i - 3 potions of flight {unknown}
 j - a potion of invisibility {unknown}
 k - 4 potions of ambrosia {unknown}
 l - a potion of magic {unknown}
 m - a potion of berserk rage {unknown}
 q - 5 potions of curing {unknown}
 t - 5 potions of haste {@q4 !q}
 A - 2 potions of brilliance {unknown}
 C - a potion of attraction {unknown}
 M - 3 potions of mutation {unknown}


   Skills:
 - Level 1.1 Short Blades
 + Level 9.0 Dodging
 - Level 10.0 Stealth
 - Level 10.0 Spellcasting
 - Level 8.0 Hexes
 - Level 10.0 Poison Magic


You had 9 spell levels left.
You knew the following spells:

 Your Spells              Type           Power        Failure   Level
a - Poisonous Vapours     Pois/Air       100%         1%          2
b - Ensorcelled Hibernat  Hex/Ice        64%          1%          2
c - Confusing Touch       Hex            51%          1%          3
d - Tukima's Dance        Hex            51%          1%          3
m - Mephitic Cloud        Conj/Pois/Air  43%          3%          3
x - Ignite Poison         Fire/Tmut/Pois 43%          3%          3
z - Olgreb's Toxic Radia  Pois           76%          1%          4

Your spell library contained the following spells:

 Spells                   Type           Power        Failure   Level
 Corona                   Hex            56%          1%          1
 Sting                    Tmut/Pois      100%         1%          1
 Dazzling Flash           Conj/Hex       64%          2%          3
 Inner Flame              Hex/Fire       32%          2%          3
 Animate Skeleton         Necr           24%          4%          1
 Apportation              Tloc           24%          4%          1
 Foxfire                  Conj/Fire      48%          4%          1
 Pain                     Necr           48%          4%          1
 Summon Small Mammal      Summ           48%          4%          1
 Conjure Flame            Conj/Fire      12%          14%         3
 Vampiric Draining        Necr           6%           14%         3
 Animate Dead             Necr           6%           43%         4
 Sticky Flame             Conj/Fire      12%          43%         4
 Agony                    Necr           12%          80%         5
 Fireball                 Conj/Fire      6%           80%         5


Dungeon Overview and Level Annotations

Branches:
Dungeon (11/15)            Temple (1/1) D:5            Lair (0/6) D:9
    Orc: D:9-12

Altars:
Ashenzari
Cheibriados
Dithmenos
Elyvilon
Fedhas
Gozag
Hepliaklqana
Kikubaaqudgha
Makhleb
Nemelex Xobeh
Okawaru
Qazlal
Ru
Sif Muna
Trog
Uskayaw
Vehumet
Wu Jian
Xom
Yredelemnul
Zin
The Shining One
Beogh

Annotations:
D:7 1 runed translucent door
D:8 SkeletonJelly's ghost, novice FeMo
D:11 Erolcha


Innate Abilities, Weirdness & Mutations

You are very small and have problems with some larger weapons.
You are too small for most types of armour.
You have supernaturally acute eyesight. (SInv)
You cover ground extremely quickly.


Message History

You closely miss the hound.
The hound is heavily wounded.
You block the hound's attack.
You hit the hound.
The hound is severely wounded.
The hound closely misses you. The hound bites you but does no damage.
You barely miss the hound.
The hound is severely wounded.
The hound misses you. x2
You closely miss the hound.
The hound is severely wounded.
The hound closely misses you. The hound completely misses you.
You barely miss the hound.
The hound is severely wounded.
The hound completely misses you. The hound closely misses you.
You closely miss the hound.
The hound is severely wounded.
The hound closely misses you.
You sock the hound!
You kill the hound!
Your Dodging skill increases to level 9!
No target in view!
You see here a hound corpse.
There is an open door here.
There is an open door here.
You see here 21 arrows.
Done exploring.
Done exploring.
Done exploring.
You start removing your amulet.
You continue taking off your amulet of reflection. x4
You finish taking off your amulet of reflection.
You start putting on your amulet.
You continue putting on your amulet of faith. x5
You finish putting on your amulet of faith.
You feel a surge of divine interest.
u - an amulet of faith (around neck) Drop what? 38/52 slots (_ for help) (? for menu, Esc to quit)
You drop an amulet of reflection.
You see here 21 arrows.
There is an open door here.
There is an open door here.
There is a stone staircase leading down here.
You climb downwards.
A manticore, 3 orcs, 2 orc warriors and Erolcha come into view.
An orc is wielding a +0 whip of pain.
An orc warrior is wielding a +0 battleaxe and quivering boomerangs of dispersal.
Marking area around Erolcha as unsafe for travelling.
Found a scale mail and a war axe.
There is a stone staircase leading up here.
Casting: Poisonous Vapours (safe; 1% risk of failure)
Confirm with . or Enter, or press ? or * to list all spells.
Aiming: Mephitic Cloud (dangerous; 3% risk of failure)
Press: ? - help, Shift-Dir - straight line, f - Erolcha
Aim: Erolcha, wielding a +0 giant spiked club and wearing a +0 robe (asleep, umbra, chance to affect: 72%)
You feel a surge of power!
The ball explodes into a vile cloud!
The stinking cloud engulfs Erolcha but does no damage.
Erolcha shouts!
The orc warrior shouts!
The orc shouts! x2; You hear a shout!
The orc shouts!
You hear a shout!
You hear an angry hiss.
You hear a shout! x5
You hear a bellow!
An orc comes into view. It is wielding a +0 falchion.
An orc comes into view. It is wielding a +0 dagger.
Erolcha is engulfed in noxious fumes.
Erolcha appears confused.
The orc warrior misses you.
Casting: Mephitic Cloud (dangerous; 3% risk of failure)
Confirm with . or Enter, or press ? or * to list all spells.
You feel a surge of power!
You begin to radiate toxic energy.
Erolcha is poisoned.
The manticore is poisoned.
The orc warrior is poisoned.
The orc is poisoned. x2; The orc warrior is poisoned.
The orc is poisoned. x2
The manticore looks even sicker.
You kill the orc! x2
The orc looks even sicker.
Erolcha is engulfed in noxious fumes.
Casting: Olgreb's Toxic Radiance (dangerous; 1% risk of failure)
Confirm with . or Enter, or press ? or * to list all spells.
Aiming: Poisonous Vapours (safe; 1% risk of failure)
Press: ? - help, Dir - move target, f/p - Erolcha
Aim: Erolcha, wielding a +0 giant spiked club and wearing a +0 robe (noxious fumes, moderately wounded, confused, poisoned, umbra)
You feel a surge of power!
There's already a cloud there!
Unknown command.
Casting: Poisonous Vapours (safe; 1% risk of failure)
Confirm with . or Enter, or press ? or * to list all spells.
Your hands begin to glow red.
The manticore looks even sicker.
You kill the orc!
You will now sometimes bleed smoke when heavily injured by enemies.
The orc is poisoned.
The orc warrior looks even sicker.
You kill the orc!
The orc warrior hits you but does no damage.
Erolcha is engulfed in noxious fumes.
You hit the orc warrior but do no damage.
The orc warrior is moderately wounded.
Erolcha looks even sicker.
The orc looks even sicker.
Your toxic aura wanes.
The orc warrior hits you with a +0 battleaxe!!
Ouch! That really hurt!
* * * LOW HITPOINT WARNING * * *
You emit a cloud of dark smoke.
Erolcha is engulfed in noxious fumes.
Erolcha appears confused.
You kill the orc!
The orc warrior hits you with a +0 battleaxe!!
Ouch! That really hurt!
You die...

## .. #. .#
#.###.# .)#..
.... #..#####.#
###°§o.H....
#○O§@§o#
#...☼#.###.)..#
... #. .#. . ..
.## #. #


You could see Erolcha (confused, very poisoned), a manticore (very poisoned) and
2 orc warriors.

Vanquished Creatures
  Erica (D:8)
  A two-headed ogre (D:9)
  Pikel (D:9)
  Psyche (D:8)
  6 soldier ants (D:7)
  4 water moccasins
  4 orc warriors (D:8)
  An ice beast (D:10)
  2 black bears (D:8)
  An eye of draining (D:9)
  12 ogres
  A necrophage (D:9)
  A centaur (D:8)
  2 phantoms
  3 bullfrogs
  3 scorpions
  9 killer bees (D:7)
  A bullfrog zombie (D:6)
  A centaur zombie (D:10)
  2 bullfrog skeletons
  2 hounds (D:10)
  A jelly (D:9)
  6 orc priests
  7 orc wizards
  4 worker ants
  A killer bee zombie (D:7)
  2 hound zombies
  2 howler monkey zombies (D:7)
  2 worker ant zombies
  2 gnolls (D:3)
  10 adders
  A shadow imp (D:9)
  2 ufetubi
  3 adder skeletons
  A worm (D:5)
  3 dart slugs
  3 leopard geckos
  53 orcs
  3 giant cockroaches
  7 goblins
  11 hobgoblins
  2 jackals (D:2)
  5 quokkas
  3 ball pythons
  3 bats
  8 frilled lizards
  9 kobolds
  A leopard gecko skeleton (D:5)
  A leopard gecko zombie (D:8)
  13 rats
228 creatures vanquished.

Vanquished Creatures (collateral kills)
  An orc wizard (D:5)
  A gnoll (D:3)
  An ufetubus (D:5)
  4 orcs
  A goblin (D:3)
8 creatures vanquished.

Vanquished Creatures (others)
  2 dancing weapons
  A withered plant (D:7)
3 creatures vanquished.

Grand Total: 239 creatures vanquished

Notes
Turn   | Place    | Note
-------+----------+-------------------------------------------
     0 | D:1      | rednaxela the Spriggan Enchanter began the quest for the
                  | Orb.
     0 | D:1      | Reached XP level 1. HP: 9/9 MP: 5/5
   486 | D:1      | You fall into a shaft and drop 1 floor!
   492 | D:2      | Reached skill level 3 in Spellcasting
   735 | D:2      | Reached skill level 4 in Hexes
   751 | D:2      | Reached XP level 2. HP: 3/13 MP: 7/7
   759 | D:2      | Learned a level 2 spell: Ensorcelled Hibernation
  1861 | D:1      | Reached XP level 3. HP: 16/16 MP: 9/9
  2246 | D:1      | Found a hide-covered altar of Uskayaw.
  3125 | D:2      | Reached skill level 4 in Spellcasting
  3603 | D:2      | Found a snail-covered altar of Cheibriados.
  3726 | D:2      | Found a stormy altar of Qazlal.
  3726 | D:2      | Found a glowing silver altar of Zin.
  3729 | D:2      | Found a shimmering altar of Xom.
  3732 | D:2      | Found a sparkling altar of Nemelex Xobeh.
  4124 | D:3      | Reached skill level 5 in Hexes
  4124 | D:3      | Reached XP level 4. HP: 21/21 MP: 11/11
  4131 | D:3      | Found a glowing golden altar of the Shining One.
  4475 | D:3      | Learned a level 3 spell: Confusing Touch
  4479 | D:3      | Learned a level 3 spell: Tukima's Dance
  5545 | D:4      | Reached skill level 5 in Spellcasting
  5545 | D:4      | Reached XP level 5. HP: 24/24 MP: 11/13
  5927 | D:4      | Noticed an ogre
  6048 | D:3      | Killed an ogre
  6049 | D:3      | Reached skill level 6 in Hexes
  6950 | D:3      | Reached XP level 6. HP: 27/28 MP: 2/15
  7368 | D:4      | Reached skill level 6 in Spellcasting
  7557 | D:5      | Entered Level 5 of the Dungeon
  7582 | D:5      | Reached skill level 7 in Hexes
  7848 | D:5      | Reached XP level 7. HP: 31/32 MP: 6/18
  8439 | D:5      | Found a staircase to the Ecumenical Temple.
  8460 | Temple   | Entered the Ecumenical Temple
  8524 | Temple   | Became a worshipper of Dithmenos the Shadowed
  8590 | D:5      | Reached skill level 7 in Spellcasting
  9340 | D:6      | Reached skill level 8 in Hexes
  9368 | D:6      | Learned a level 2 spell: Poisonous Vapours
  9373 | D:6      | Learned a level 4 spell: Olgreb's Toxic Radiance
  9552 | D:6      | Reached skill level 1 in Poison Magic
 10094 | D:7      | Found an ancient bone altar of Kikubaaqudgha.
 10320 | D:7      | Reached skill level 2 in Poison Magic
 10659 | D:7      | Reached skill level 3 in Poison Magic
 10659 | D:7      | Reached XP level 8. HP: 36/36 MP: 12/20
 10725 | D:7      | Found a runed translucent gate.
 10725 | D:7      | Found a runed translucent gate.
 10725 | D:7      | Found a runed translucent gate.
 10807 | D:7      | Reached skill level 4 in Poison Magic
 10839 | D:7      | Found the +9 staff of Olgreb {rPois∞}
 10842 | D:7      | Found a runed translucent door.
 10862 | D:7      | Found a runed translucent door.
 11025 | D:7      | Found an opulent altar of Gozag.
 11336 | D:7      | Reached skill level 5 in Poison Magic
 11696 | D:7      | Reached skill level 6 in Poison Magic
 12095 | D:6      | Reached skill level 7 in Poison Magic
 12306 | D:7      | Reached * piety under Dithmenos
 12307 | D:7      | Reached skill level 8 in Poison Magic
 12307 | D:7      | Reached XP level 9. HP: 39/39 MP: 18/21
 12395 | D:7      | Reached skill level 8 in Spellcasting
 12630 | D:7      | Reached skill level 9 in Spellcasting
 12646 | D:7      | Reached skill level 9 in Poison Magic
 13435 | D:8      | Reached ** piety under Dithmenos
 13475 | D:8      | Found a roughly hewn altar of Beogh.
 13745 | D:8      | Reached skill level 10 in Spellcasting
 13981 | D:8      | Reached skill level 10 in Poison Magic
 13985 | D:8      | Learned a level 3 spell: Mephitic Cloud
 14034 | D:8      | Noticed Erica
 14049 | D:8      | Killed Erica
 14050 | D:8      | Reached skill level 4 in Dodging
 14050 | D:8      | Reached skill level 6 in Stealth
 14050 | D:8      | Reached XP level 10. HP: 44/44 MP: 6/25
 14201 | D:8      | Found a transporter.
 14211 | D:8      | Noticed a moth of wrath
 14211 | D:8      | Noticed SkeletonJelly's ghost (novice FeMo)
 14225 | D:8      | Found a transporter.
 14251 | D:8      | Noticed Psyche
 14266 | D:8      | Killed Psyche
 14267 | D:8      | Reached skill level 5 in Dodging
 14418 | D:8      | Reached skill level 7 in Stealth
 14724 | D:8      | Found a basalt altar of Yredelemnul.
 15228 | D:9      | Reached skill level 6 in Dodging
 15336 | D:9      | Reached skill level 8 in Stealth
 15608 | D:9      | Noticed Pikel
 15616 | D:9      | Killed Pikel
 15617 | D:9      | Reached skill level 7 in Dodging
 15617 | D:9      | Reached skill level 9 in Stealth
 15789 | D:9      | Found a staircase to the Lair.
 15803 | D:9      | Noticed a two-headed ogre
 15821 | D:9      | Killed a two-headed ogre
 15906 | D:9      | Reached skill level 8 in Dodging
 15906 | D:9      | Reached skill level 10 in Stealth
 16108 | D:9      | Learned a level 3 spell: Ignite Poison
 16281 | D:10     | Entered Level 10 of the Dungeon
 17186 | D:10     | Reached skill level 9 in Dodging
 17254 | D:11     | Noticed Erolcha
 17254 | D:11     | Noticed a manticore
 17257 | D:11     | Reached *** piety under Dithmenos
 17259 | D:11     | Slain by an orc warrior

Illustrated notes

Levels and vault maps discovered:
D:1:      dpeg_arrival_water_altar, layout_loops_ring, minmay_tetromino_t2
D:2:      layout_basic, nicolae_overflow_hidden_temple, minitemple
D:3:      layout_rooms, lemuel_round_altar
D:4:      layout_cave_pools, minmay_increasing_density
D:5:      layout_basic, minmay_temple_entry_sparse_star, chequers_garden,
          chequers_serial_rivers_micro_c, chequers_serial_rivers_large_b
D:6:      layout_loops_cross
D:7:      layout_basic, kiku_gazebo_garden_becter, nicolae_gozag_seed_capital,
          minmay_guarded_unrand_staff_of_olgreb
D:8:      layout_loops_ring, lemuel_coloured_pillars_altar,
          gammafunk_ghost_berserking_beasts, special_room [special_room_orc],
          uniq_psyche, uniq_erica
D:9:      layout_stronghold, lair_entry_dummy, uniq_pikel
D:10:     layout_roguey, serial_corexii_hall, corexii_hall_statues_x,
          corexii_hall_statues_x, corexii_hall_statues_u,
          corexii_hall_statues_u, minmay_hedge_maze
D:11:     layout_rooms, nicolae_trove_entry_path_of_doom, basic_altar,
          uniq_harold, uniq_erolcha
Temple:   nicolae_temple_god_jail

Skill      XL: |  1  2  3  4  5  6  7  8  9 10 |
---------------+-------------------------------+-----
Spellcasting   | 3 4 5 6 7 10 | 10.0
Hexes          | 4 5 6 7 8 |  8.0
Poison Magic   | 3 8 10 | 10.0
Dodging        | 4 9 |  9.0
Stealth        | 6 10 | 10.0
Short Blades   | |  1.1

Action                   |  1- 3 |  4- 6 |  7- 9 | 10-12 || total
-------------------------+-------+-------+-------+-------++-------
Melee: Dagger            |   116 |   135 |    91 |       ||   342
       Short sword       |       |       |   139 |     6 ||   145
       Staff             |       |       |    17 |    61 ||    78
 Fire: Hunting sling     |       |    59 |    19 |       ||    78
Throw: Dart              |     6 |    15 |    10 |       ||    31
 Cast: Corona            |     6 |     5 |       |       ||    11
       Ensorcelled Hiber |    44 |    23 |    19 |     1 ||    87
       Tukima's Dance    |       |    19 |     5 |       ||    24
       Confusing Touch   |       |     3 |    16 |     3 ||    22
       Poisonous Vapours |       |       |    90 |    70 ||   160
       Olgreb's Toxic Ra |       |       |     9 |     4 ||    13
       Mephitic Cloud    |       |       |       |     3 ||     3
Evoke: Staff of Olgreb   |       |       |     2 |       ||     2
  Use: Scroll            |       |     6 |     1 |     7 ||    14
 Stab: Sleeping          |    36 |    17 |    13 |     2 ||    68
       Confused          |       |     4 |    17 |     2 ||    23
       Distracted        |       |       |     1 |       ||     1
Armor: Robe              |     8 |    11 |    32 |    11 ||    62
Dodge: Dodged            |    86 |   107 |   168 |    56 ||   417
Block: Other             |     3 |    34 |    60 |    16 ||   113
       Reflection        |       |     5 |     1 |       ||     6

Table legend: (Time is in decaauts)
 A = Elapsed time spent in this place.
 B = Non-inter-level travel time spent in this place.
 C = Inter-level travel time spent in this place.
 D = Time resting spent in this place.
 E = Time spent auto-exploring this place.
 F = Levels seen in this place.
 G = Mean time per level.
                   A        B        C        D        E       F      G
               +--------+--------+--------+--------+--------+-----+--------+
         Total |  13840 |  13301 |    539 |   3584 |   6682 |  12 | 1153.3 |
       Dungeon |  13785 |  13252 |    533 |   3584 |   6642 |  11 | 1253.2 |
        Temple |     54 |     48 |      6 |      0 |     39 |   1 |   54.0 |
               +--------+--------+--------+--------+--------+-----+--------+

Top non-repeatable levels by time:
     D:2: 2085 daAuts
     D:7: 1956 daAuts
     D:1: 1834 daAuts
     D:8: 1822 daAuts
     D:3: 1485 daAuts
     D:6: 1124 daAuts
     D:5: 1120 daAuts
     D:9: 854 daAuts
     D:4: 814 daAuts
    D:10: 681 daAuts
  Temple: 54 daAuts
    D:11: 5 daAuts
